 Dungeon Crawl Stone Soup version 0.27-a0-906-g0a00ce863d (webtiles) character file.

Game seed: 11003667107211313619

617 Lanoc the Charlatan (level 7, -7/59 HPs)
             Began as a Hill Orc Artificer on Apr 6, 2021.
             Was an Initiate of Dithmenos.
             Mangled by an ogre
             ... wielding a +0 giant spiked club
              (13 damage)
             ... on level 4 of the Dungeon.
             The game lasted 00:07:38 (5488 turns).

Lanoc the Charlatan (Hill Orc Artificer)            Turns: 5488, Time: 00:07:39

Health: -7/59      AC:  4    Str: 15    XL:     7   Next: 45%
Magic:  7/7        EV: 12    Int: 11    God:    Dithmenos [......]
Gold:   181        SH:  0    Dex: 13    Spells: 6/6 levels left

rFire    . . .     SeeInvis .   i - +4 dagger (vamp)
rCold    . . .     Faith    .   (no shield)
rNeg     . . .     Spirit   .   b - +0 leather armour
rPois    .         Reflect  .   (no helmet)
rElec    .         Harm     .   (no cloak)
rCorr    .         Rampage  .   (no gloves)
Will     .....                  g - +0 pair of boots
Stlth    +.........             l - amulet of the acrobat
HPRegen  0.19/turn              (no ring)
MPRegen  0.10/turn              (no ring)

@: no status effects
A: no striking features
a: Renounce Religion


You were on level 4 of the Dungeon.
You worshipped Dithmenos.
Dithmenos was noncommittal.
You visited 1 branch of the dungeon, and saw 4 of its levels.

You collected 181 gold pieces.

Inventory:

Hand Weapons
 i - a +4 vampiric dagger (weapon)
Missiles
 m - 2 silver javelins
Armour
 b - a +0 leather armour (worn)
 g - a +0 pair of boots (worn)
Jewellery
 l - an amulet of the acrobat (around neck)
Wands
 d - a wand of charming (9)
 e - a wand of random effects (11) (quivered)
Scrolls
 a - a scroll of amnesia {unknown}
 j - 3 scrolls of identify {unknown}
 k - 2 scrolls of torment {unknown}
 n - 2 scrolls of teleportation {unknown}
 o - a scroll of enchant armour {unknown}
Potions
 f - a potion of curing
 h - a potion of attraction
 p - a potion of heal wounds {unknown}


   Skills:
 + Level 4.2 Fighting
 + Level 4.4 Armour
 + Level 2.8 Dodging
 - Level 0.7 Stealth
 * Level 5.7 Evocations


You had 6 spell levels left.
You didn't know any spells.
Your spell library contained the following spells:

 Spells                   Type           Power      Damage    Failure   Level
 Corona                   Hex            0%         N/A       41%         1
 Summon Small Mammal      Summ           0%         N/A       41%         1
 Call Imp                 Summ           0%         N/A       54%         2
 Ensorcelled Hibernation  Hex/Ice        0%         N/A       54%         2
 Call Canine Familiar     Summ           0%         N/A       78%         3
 Confusing Touch          Hex            0%         N/A       78%         3
 Dazzling Flash           Conj/Hex       0%         N/A       78%         3
 Summon Guardian Golem    Hex/Summ       0%         N/A       78%         3
 Tukima's Dance           Hex            0%         N/A       78%         3
 Summon Ice Beast         Ice/Summ       0%         N/A       99%         4
 Summon Lightning Spire   Summ/Air       0%         N/A       99%         4


Dungeon Overview and Level Annotations

Branches:
Dungeon (4/15)
 Temple: D:4-7

Altars:
Dithmenos
Lugonu

Shops:
D:1 :   D:3 [


Message History

The adder bites you.
You are poisoned.
The adder poisons you!
You barely miss the adder.
The adder is heavily wounded.
You feel sick. The adder closely misses you. x2
You closely miss the adder.
The adder is heavily wounded.
You feel sick. The adder misses you.
You hit the adder.
You feel better.
The adder is severely wounded.
You feel sick. The adder bites you.
You hit the adder.
You feel better.
You kill the adder!
Dithmenos accepts your kill.
You feel sick.
You hit the ogre.
You feel better.
The ogre is lightly wounded.
You feel sick.
The ogre hits you with a +0 giant spiked club!
You hit the ogre.
You feel better.
The ogre is moderately wounded.
You feel sick.
The ogre hits you with a +0 giant spiked club!
You are too injured to fight recklessly!
You hit the ogre.
The ogre is moderately wounded.
You feel sick.
You are no longer poisoned.
You hit the ogre.
The ogre is heavily wounded.
The ogre hits you with a +0 giant spiked club!!
* * * LOW HITPOINT WARNING * * *
You hit the ogre.
The ogre is severely wounded.
The ogre barely misses you.
You closely miss the ogre.
The ogre is severely wounded.
The ogre hits you with a +0 giant spiked club!
You die...

######.## ########### #..OS..#
#.....S..)# #.####### #.#######.#
#.......# #.......#.# #######.#
##### ###.#####.#.# ####.....#
#...# #.....>.>.#)# ###......#.#
#.#.####.#########<###...####.#.#
#.....##.......>@O.##..###....#.#
#.###.##..########.#..##...#..#.#
....#.....# # ###.##..[.#.##.#
..#.###.........###..#....##.##..
#.#...#.#######..##.##...##..####
#.#####.# #.##S#...##..##
#.....#.# #.#††#.###..##
#####.#+#### #.#..#.....##
.####......# #.#.....####


You could see an ogre.

Vanquished Creatures
  Sigmund (D:3)
  A black bear (D:4)
  2 water moccasin skeletons (D:4)
  A hound (D:2)
  2 iguanas (D:4)
  Robin (D:3)
  4 gnolls
  5 adders
  An ufetubus (D:4)
  A dart slug (D:1)
  2 orcs (D:3)
  3 bats (D:2)
  3 endoplasms
  6 giant cockroaches
  13 goblins
  14 hobgoblins
  2 jackals (D:2)
  5 quokkas
  8 ball pythons
  4 frilled lizards
  5 kobolds
  10 rats
94 creatures vanquished.

Vanquished Creatures (others)
  3 orcs (D:3)
  2 goblins (D:3)
5 creatures vanquished.

Grand Total: 99 creatures vanquished

Notes
Turn   | Place    | Note
-------+----------+-------------------------------------------
     0 | D:1      | Lanoc the Hill Orc Artificer began the quest for the Orb.
     0 | D:1      | Reached XP level 1. HP: 16/16 MP: 1/1
   158 | D:1      | Found a faded altar of an unknown god.
   166 | D:1      | Became a worshipper of Lugonu the Unformed
   166 | D:1      | Reached * piety under Lugonu
   166 | D:1      | Reached ** piety under Lugonu
   344 | D:1      | Reached skill level 1 in Dodging
   344 | D:1      | Reached XP level 2. HP: 16/23 MP: 2/2
   535 | D:1      | Found Luodow's Book Shop.
   796 | D:1      | Reached XP level 3. HP: 29/29 MP: 3/3
  1925 | D:2      | Reached XP level 4. HP: 31/37 MP: 4/4
  1937 | D:2      | Reached *** piety under Lugonu
  2171 | D:2      | Reached skill level 4 in Evocations
  2359 | D:3      | Found Ugyeruin's Armour Shop.
  2387 | D:3      | Noticed Sigmund
  2418 | D:3      | Killed Sigmund
  2419 | D:3      | Reached XP level 5. HP: 13/45 MP: 5/5
  2419 | D:3      | Reached XP level 6. HP: 15/51 MP: 6/6
  2661 | D:3      | Noticed Robin
  2733 | D:3      | HP: 1/51 [Robin/+0 spear (2)]
  2735 | D:3      | Killed Robin
  4101 | D:4      | Reached skill level 5 in Evocations
  4463 | D:4      | HP: 2/52 [iguana (11)]
  4776 | D:4      | Reached XP level 7. HP: 37/58 MP: 7/7
  4776 | D:4      | Found a shadowy altar of Dithmenos.
  4983 | D:4      | Fell from the grace of Lugonu
  4983 | D:4      | Became a worshipper of Dithmenos the Shadowed
  5488 | D:4      | Mangled by an ogre

Illustrated notes

Levels and vault maps discovered:
D:1:      noname_arrival_rooms_in_the_neighbourhood, layout_loops_ring,
          ebering_ecumenical_altar_mist, serial_shops, nicolae_shop_stone,
          minmay_tetromino_l4
D:2:      layout_basic
D:3:      layout_loops_ring, serial_shops, shop, guppyfry_early_orc_mine,
          uniq_sigmund, uniq_robin
D:4:      minmay_evil_eye, layout_basic,
          chequers_temple_overflow_statue_of_worship,
          nicolae_dithmenos_shadow_blocks, serial_shops, shop,
          minmay_fractal_squares_5, uniq_blork_the_orc

Skill      XL: |  1  2  3  4  5  6  7 |
---------------+----------------------+-----
Dodging        | 1 2 |  2.8
Fighting       | 2 3 4 |  4.2
Armour         | 3 4 |  4.4
Evocations     | 4 5 |  5.7
Stealth        | |  0.7

Action                   |  1- 3 |  4- 6 |  7- 9 || total
-------------------------+-------+-------+-------++-------
Melee: Mace              |   114 |    71 |       ||   185
       Dagger            |       |   117 |    42 ||   159
Evoke: Wand              |       |    16 |     9 ||    25
  Use: Potion            |       |     5 |       ||     5
 Stab: Sleeping          |     1 |     1 |       ||     2
Armor: Leather armour    |    79 |    71 |    14 ||   164
Dodge: Dodged            |    78 |   164 |    42 ||   284

Table legend: (Time is in decaauts)
 A = Elapsed time spent in this place.
 B = Non-inter-level travel time spent in this place.
 C = Inter-level travel time spent in this place.
 D = Time resting spent in this place.
 E = Time spent auto-exploring this place.
 F = Levels seen in this place.
 G = Mean time per level.
                   A        B        C        D        E       F      G
               +--------+--------+--------+--------+--------+-----+--------+
         Total |   5565 |   5478 |     87 |    468 |   4094 |   4 | 1391.2 |
       Dungeon |   5565 |   5478 |     87 |    468 |   4094 |   4 | 1391.2 |
               +--------+--------+--------+--------+--------+-----+--------+

Top non-repeatable levels by time:
     D:3: 1914 daAuts
     D:4: 1273 daAuts
     D:1: 1254 daAuts
     D:2: 1123 daAuts
